PL
BROOKLYN DODGERS @ GRAFTON MIDDIES
08/21/2017
 
TOP OF THE 1ST
Brooklyn Dodgers batting - Pitching for Grafton Middies : RHP Ryan Davis
Pitching: RHP Ryan Davis
Batting: LHB Christian Walls 0-0: Ball
1-0: Ball
2-0: Swinging Strike
2-1: Called Strike
2-2: Foul Ball, location: 2F
2-2: Fly out, F7 (Flyball, 78M)
Batting: LHB Pancho García 0-0: Called Strike
0-1: Fly out, F6 (Popup, 56D)
Batting: LHB Ray Sears 0-0: Called Strike
0-1: Foul Ball, location: 2F
0-2: Strikes out swinging
Top of the 1st over - 0 run(s), 0 hit(s), 0 error(s), 0 left on base; Brooklyn 0 - Grafton 0
BOTTOM OF THE 1ST
Grafton Middies batting - Pitching for Brooklyn Dodgers : RHP Yin-fat Foong
Pitching: RHP Yin-fat Foong
Batting: RHB José Peña 0-0: Ball
1-0: Foul Ball, location: 2F
1-1: Swinging Strike
1-2: Ground out 1-3 (Groundball, 15)
Batting: RHB Dave Knight 0-0: Called Strike
0-1: Swinging Strike
0-2: Fly out, F4 (Popup, 4)
Batting: LHB Tony Dyer 0-0: Foul Ball, location: 2F
0-1: Ball
1-1: Foul Ball, location: 2F
1-2: Ball
2-2: SOLO HOME RUN (Flyball, 89XD), Distance : 397 ft
Batting: LHB Guillermo Romero 0-0: Ground out 4-3 (Groundball, 4)
Bottom of the 1st over - 1 run(s), 1 hit(s), 0 error(s), 0 left on base; Brooklyn 0 - Grafton 1
TOP OF THE 2ND
Brooklyn Dodgers batting - Pitching for Grafton Middies : RHP Ryan Davis
Batting: RHB Thom Wilcox 0-0: Called Strike
0-1: Ball
1-1: Ball
2-1: Called Strike
2-2: Ball
3-2: Foul Ball, location: 2F
3-2: Base on Balls
Batting: LHB Kenneth Chapman 0-0: Swinging Strike
0-1: Swinging Strike
0-2: Ball
1-2: Fly out, F9 (Flyball, 89S)
Batting: LHB Ron Bascombe 0-0: Ball
1-0: Grounds out, U3 (Groundball, 3L)
Batting: RHB Pedro Cruz 0-0: Called Strike
0-1: Ball
1-1: SINGLE (Flyball, 89S)
Thom Wilcox to third
Runner from 3rd tries for Home, SAFE, no throw or cutoff
Batting: RHB Sean Davis 0-0: Ball
1-0: Ball
2-0: Called Strike
2-1: Foul Ball, location: 2F
2-2: Strikes out swinging
Top of the 2nd over - 1 run(s), 1 hit(s), 0 error(s), 1 left on base; Brooklyn 1 - Grafton 1
BOTTOM OF THE 2ND
Grafton Middies batting - Pitching for Brooklyn Dodgers : RHP Yin-fat Foong
Batting: RHB Donald Thompson 0-0: Ball
1-0: Fly out, F8 (Flyball, 8LD)
Batting: LHB Luis Gutiérrez 0-0: SINGLE (Line Drive, 78S)
Batting: LHB Kenji Takahashi 0-0: Ball
1-0: Ball
2-0: Ball
3-0: Called Strike
3-1: Grounds into double play, 4-6-3 (Groundball, 4)
Bottom of the 2nd over - 0 run(s), 1 hit(s), 0 error(s), 0 left on base; Brooklyn 1 - Grafton 1
TOP OF THE 3RD
Brooklyn Dodgers batting - Pitching for Grafton Middies : RHP Ryan Davis
Batting: LHB Yin-fat Foong 0-0: Called Strike
0-1: Foul Ball, location: 2F
0-2: Ball
1-2: Strikes out swinging
Batting: LHB Christian Walls 0-0: Ball
1-0: Ball
2-0: Ball
3-0: Called Strike
3-1: Foul Ball, location: 2F
3-2: Foul Ball, location: 2F
3-2: Base on Balls
Batting: LHB Pancho García 0-0: Called Strike
Christian Walls steals 2nd base
0-1: Ball
1-1: Ball
2-1: Foul Ball, location: 2F
2-2: SINGLE (Line Drive, 8LS)
Christian Walls to third
Runner from 3rd tries for Home, SAFE, no throw or cutoff
Batting: LHB Ray Sears 0-0: Ball
1-0: Ground out 3-1 (Groundball, 34)
Pancho García to second
Batting: RHB Thom Wilcox 0-0: Ball
1-0: SINGLE (Line Drive, 56)
Pancho García to third
Runner from 3rd tries for Home, SAFE, no throw or cutoff
Batting: LHB Kenneth Chapman 0-0: Ball
1-0: Called Strike
1-1: Ball
2-1: Called Strike
2-2: Fielders Choice at 2nd, 5-4 (Groundball, 56)
Top of the 3rd over - 2 run(s), 2 hit(s), 0 error(s), 0 left on base; Brooklyn 3 - Grafton 1
BOTTOM OF THE 3RD
Grafton Middies batting - Pitching for Brooklyn Dodgers : RHP Yin-fat Foong
Batting: RHB Brent Barlow 0-0: Fly out, F8 (Flyball, 8LXD)
Batting: RHB Ryan Davis 0-0: Foul Ball, location: 2F
0-1: SINGLE (Line Drive, 8RS)
Batting: RHB José Peña 0-0: Called Strike
0-1: Foul Ball, location: 2F
0-2: Ball
1-2: Fielders Choice at 2nd, 4-6 (Groundball, 4)
Batting: RHB Dave Knight 0-0: Called Strike
0-1: Ball
1-1: Foul Ball, location: 2F
1-2: Fly out, F8 (Flyball, 8LD)
Bottom of the 3rd over - 0 run(s), 1 hit(s), 0 error(s), 1 left on base; Brooklyn 3 - Grafton 1
TOP OF THE 4TH
Brooklyn Dodgers batting - Pitching for Grafton Middies : RHP Ryan Davis
Batting: LHB Ron Bascombe 0-0: Called Strike
0-1: Foul Ball, location: 2F
0-2: Ball
1-2: Ball
2-2: Ball
3-2: Base on Balls
Batting: RHB Pedro Cruz 0-0: Called Strike
0-1: Ball
1-1: Ball
2-1: SINGLE (Flyball, 78S)
Ron Bascombe to second
Batting: RHB Sean Davis 0-0: Called Strike
0-1: Fly out, F9 (Flyball, 89M)
Batting: LHB Yin-fat Foong 0-0: Sac Bunt - play at first, batter OUT! 3-4
Ron Bascombe to third
Pedro Cruz to second
Batting: LHB Christian Walls 0-0: SINGLE (Line Drive, 3D)
Ron Bascombe scores
Pedro Cruz to third
Runner from 3rd tries for Home, SAFE, no throw or cutoff
Batting: LHB Pancho García 0-0: Called Strike
Christian Walls steals 2nd base
0-1: Ball
1-1: Called Strike
1-2: Foul Ball, location: 2F
1-2: Reached on error, E3 (Groundball, 3L)
Christian Walls to third
Batting: LHB Ray Sears 0-0: Foul Ball, location: 2F
0-1: Called Strike
0-2: Foul Ball, location: 2F
0-2: Ball
1-2: Foul Ball, location: 2F
1-2: Ball
2-2: Ground out 4-3 (Groundball, 4M)
Top of the 4th over - 2 run(s), 2 hit(s), 1 error(s), 2 left on base; Brooklyn 5 - Grafton 1
BOTTOM OF THE 4TH
Grafton Middies batting - Pitching for Brooklyn Dodgers : RHP Yin-fat Foong
Batting: LHB Tony Dyer 0-0: Called Strike
0-1: Called Strike
0-2: Ball
1-2: Ground out 4-3 (Groundball, 4M)
Batting: LHB Guillermo Romero 0-0: Foul Ball, location: 2F
0-1: Ball
1-1: Foul Ball, location: 2F
1-2: Strikes out swinging
Batting: RHB Donald Thompson 0-0: Called Strike
0-1: Called Strike
0-2: Ball
1-2: Ball
2-2: Ball
3-2: Base on Balls
Batting: LHB Luis Gutiérrez 0-0: Called Strike
0-1: Ball
1-1: Ball
2-1: Fly out, F9 (Line Drive, 9S)
Bottom of the 4th over - 0 run(s), 0 hit(s), 0 error(s), 1 left on base; Brooklyn 5 - Grafton 1
TOP OF THE 5TH
Brooklyn Dodgers batting - Pitching for Grafton Middies : RHP Ryan Davis
Batting: RHB Thom Wilcox 0-0: Foul Ball, location: 2F
0-1: Ground out 6-3 (Groundball, 6)
Batting: LHB Kenneth Chapman 0-0: Foul Ball, location: 2F
0-1: Ball
1-1: Called Strike
1-2: Ball
2-2: Ball
3-2: Foul Ball, location: 2F
3-2: Fly out, F8 (Flyball, 8RXD)
Batting: LHB Ron Bascombe 0-0: Ball
1-0: Called Strike
1-1: Swinging Strike
1-2: Foul Ball, location: 2F
1-2: SINGLE (Flyball, 7S)
Batting: RHB Pedro Cruz 0-0: Called Strike
0-1: Ball
1-1: Ball
2-1: Foul Ball, location: 2F
2-2: Ball
3-2: Strikes out swinging
Top of the 5th over - 0 run(s), 1 hit(s), 0 error(s), 1 left on base; Brooklyn 5 - Grafton 1
BOTTOM OF THE 5TH
Grafton Middies batting - Pitching for Brooklyn Dodgers : RHP Yin-fat Foong
Batting: LHB Kenji Takahashi 0-0: Ball
1-0: Ground out U3 (Groundball, 3L)
Batting: RHB Brent Barlow 0-0: Ball
1-0: Called Strike
1-1: Called Strike
1-2: Ball
2-2: Strikes out looking
Batting: RHB Ryan Davis 0-0: Called Strike
0-1: Ball
1-1: Ball
2-1: SINGLE (Groundball, 6MD)
Batting: RHB José Peña 0-0: Called Strike
0-1: Ball
1-1: Ball
2-1: Foul Ball, location: 2F
2-2: Foul Ball, location: 2F
2-2: Fly out, F7 (Flyball, 78D)
Bottom of the 5th over - 0 run(s), 1 hit(s), 0 error(s), 1 left on base; Brooklyn 5 - Grafton 1
TOP OF THE 6TH
Brooklyn Dodgers batting - Pitching for Grafton Middies : RHP Ryan Davis
Batting: RHB Sean Davis 0-0: Called Strike
0-1: Ball
1-1: Ball
2-1: Called Strike
2-2: Foul Ball, location: 2F
2-2: Foul Ball, location: 2F
2-2: Ball
3-2: Base on Balls
Batting: LHB Yin-fat Foong 0-0: Ball
1-0: Bunted foul
1-1: Sac Bunt - play at first, batter OUT! 5-4
Sean Davis to second
Batting: LHB Christian Walls 0-0: Swinging Strike
0-1: Swinging Strike
0-2: Strikes out swinging
Batting: LHB Pancho García 0-0: Called Strike
0-1: Ground out 4-3 (Groundball, 4M)
Top of the 6th over - 0 run(s), 0 hit(s), 0 error(s), 1 left on base; Brooklyn 5 - Grafton 1
BOTTOM OF THE 6TH
Grafton Middies batting - Pitching for Brooklyn Dodgers : RHP Yin-fat Foong
Batting: RHB Dave Knight 0-0: SINGLE (Line Drive, 7LS)
Batting: LHB Tony Dyer 0-0: Foul Ball, location: 2F
0-1: Ball
1-1: Ball
2-1: Foul Ball, location: 2F
2-2: Fly out, F5 (Popup, 5D)
Batting: LHB Guillermo Romero 0-0: Ball
1-0: Foul Ball, location: 2F
1-1: Foul Ball, location: 2F
1-2: Ball
2-2: Foul Ball, location: 2F
2-2: Ball
3-2: Foul Ball, location: 2F
3-2: Foul Ball, location: 2F
3-2: Base on Balls
Dave Knight to second
Batting: RHB Donald Thompson 0-0: Ball
1-0: Called Strike
1-1: Swinging Strike
1-2: Ball
2-2: Fly out, F4 (Popup, 4M)
Batting: LHB Luis Gutiérrez 0-0: Ball
1-0: Foul Ball, location: 2F
1-1: Swinging Strike
1-2: Strikes out swinging
Bottom of the 6th over - 0 run(s), 1 hit(s), 0 error(s), 2 left on base; Brooklyn 5 - Grafton 1
TOP OF THE 7TH
Brooklyn Dodgers batting - Pitching for Grafton Middies : RHP Ryan Davis
Batting: LHB Ray Sears 0-0: Ball
1-0: Swinging Strike
1-1: Called Strike
1-2: Ball
2-2: Fly out, F8 (Flyball, 8RXD)
Batting: RHB Thom Wilcox 0-0: Ball
1-0: Ground out 6-3 (Groundball, 6)
Batting: LHB Kenneth Chapman 0-0: Foul Ball, location: 2F
0-1: Ball
1-1: Called Strike
1-2: Ground out U3 (Groundball, 3L)
Top of the 7th over - 0 run(s), 0 hit(s), 0 error(s), 0 left on base; Brooklyn 5 - Grafton 1
BOTTOM OF THE 7TH
Grafton Middies batting - Pitching for Brooklyn Dodgers : RHP Yin-fat Foong
Batting: LHB Kenji Takahashi 0-0: Called Strike
0-1: Ball
1-1: Called Strike
1-2: Foul Ball, location: 2F
1-2: Ball
2-2: Ball
3-2: Base on Balls
Batting: RHB Brent Barlow 0-0: Called Strike
0-1: Grounds into double play, 1-4-3 (Groundball, 23)
Batting: RHB Ryan Davis 0-0: Foul Ball, location: 2F
0-1: Foul Ball, location: 2F
0-2: Strikes out swinging
Bottom of the 7th over - 0 run(s), 0 hit(s), 0 error(s), 0 left on base; Brooklyn 5 - Grafton 1
TOP OF THE 8TH
Brooklyn Dodgers batting - Pitching for Grafton Middies : RHP Ryan Davis
Batting: LHB Ron Bascombe 0-0: Called Strike
0-1: Ball
1-1: Foul Ball, location: 2F
1-2: Ball
2-2: Ball
3-2: SOLO HOME RUN (Flyball, 89XD), Distance : 419 ft
Batting: RHB Pedro Cruz 0-0: Ball
1-0: Fly out, F9 (Flyball, 9LMF)
Batting: RHB Sean Davis 0-0: Swinging Strike
0-1: Foul Ball, location: 2F
0-2: Ball
1-2: Foul Ball, location: 2F
1-2: Foul Ball, location: 2F
1-2: Ground out U3 (Groundball, 3)
Batting: LHB Yin-fat Foong 0-0: Called Strike
0-1: Ball
1-1: Ground out U3 (Groundball, 3S)
Top of the 8th over - 1 run(s), 1 hit(s), 0 error(s), 0 left on base; Brooklyn 6 - Grafton 1
BOTTOM OF THE 8TH
Grafton Middies batting - Pitching for Brooklyn Dodgers : RHP Yin-fat Foong
Now at 1B: Brad Perry
Batting: RHB José Peña 0-0: Fly out, F9 (Flyball, 9LM)
Batting: RHB Dave Knight 0-0: Ball
1-0: Ball
2-0: Ball
3-0: Called Strike
3-1: Called Strike
3-2: Foul Ball, location: 2F
3-2: Foul Ball, location: 2F
3-2: Fly out, F9 (Flyball, 9LM)
Batting: LHB Tony Dyer 0-0: Ball
1-0: Ball
2-0: SINGLE (Groundball, 34D)
Batting: LHB Guillermo Romero 0-0: Ball
1-0: 2-RUN HOME RUN (Flyball, 7D), Distance : 400 ft
Batting: RHB Donald Thompson 0-0: Ball
1-0: Swinging Strike
1-1: Ball
2-1: Called Strike
2-2: Ball
3-2: Foul Ball, location: 2F
3-2: Foul Ball, location: 2F
3-2: Base on Balls
Batting: LHB Luis Gutiérrez 0-0: Ball
1-0: Called Strike
1-1: Ball
2-1: Ground out 6-3 (Groundball, 6)
Bottom of the 8th over - 2 run(s), 2 hit(s), 0 error(s), 1 left on base; Brooklyn 6 - Grafton 3
TOP OF THE 9TH
Brooklyn Dodgers batting - Pitching for Grafton Middies : RHP Ryan Davis
Batting: LHB Christian Walls 0-0: Foul Ball, location: 2F
0-1: Ball
1-1: Ball
2-1: Called Strike
2-2: Foul Ball, location: 2F
2-2: Strikes out swinging
Pitching: RHP Erik Davis
Now at 2B: Mike Lewis
Batting: LHB Pancho García 0-0: Called Strike
0-1: Ball
1-1: Ball
2-1: SINGLE (Groundball, 5D)
Batting: LHB Ray Sears 0-0: Ball
1-0: Called Strike
1-1: Swinging Strike
1-2: Strikes out swinging
Batting: RHB Thom Wilcox 0-0: Ball
1-0: Ball
2-0: Ball
3-0: SINGLE (Groundball, 56D)
Pancho García to second
Batting: RHB Brad Perry 0-0: Ball
1-0: Ball
2-0: Ground out 5-3 (Groundball, 5S)
Top of the 9th over - 0 run(s), 2 hit(s), 0 error(s), 2 left on base; Brooklyn 6 - Grafton 3
BOTTOM OF THE 9TH
Grafton Middies batting - Pitching for Brooklyn Dodgers : RHP Yin-fat Foong
Batting: LHB Kenji Takahashi 0-0: Fly out, F7 (Flyball, 78S)
Batting: RHB Brent Barlow 0-0: Ball
1-0: Called Strike
1-1: Called Strike
1-2: Ball
2-2: Ball
3-2: Base on Balls
Pitching: RHP Ken Hinkle
Batting: RHB Mike Lewis 0-0: Called Strike
0-1: Ground out 6-3 (Groundball, 6MD)
Brent Barlow to second
Batting: RHB José Peña 0-0: Ball
1-0: Ground out 4-3 (Groundball, 4)
Bottom of the 9th over - 0 run(s), 0 hit(s), 0 error(s), 1 left on base; Brooklyn 6 - Grafton 3
This league is powered by Out of the Park Baseball, the baseball management simulation game for PC, Mac and Linux
Saturday, February 27th, 2021 - OOTP Baseball 15.6 Build 34